AoeStats
← marius.zwei91

Arabia

508967044Analyzed
1v1 RM · 8d ago on Sep 24, 2026· 72m 56s· 2 players
Game mode
Random Map
Map size
Tiny (2 player)
Population
200
Speed
Normal
Resources
Standard
Victory
Conquest
Starting age
Dark Age
Ending age
Imperial Age
RankedLock teamsTeams togetherTeam positionsShared explorationLock speedFull tech treeHidden civsTurbo modeCheats
Victory
Defeat
🇨🇱 Romans · Chile
784
+15
🇩🇪 Vietnamese · Germany
770
-15
marius.zwei91
8:10 Loom
11:20 Feudal Age
16:24 Castle Age
16:31 Crossbowman
26:32 Fletching
26:53 Forging
26:41 Double-Bit Axe
29:05 Forging
34:43 Imperial Age
35:02 Elite Skirmisher
35:57 Gold Mining
36:13 Scale Mail Armor
36:05 Horse Collar
41:36 Pikeman
59:39 Imperial Skirmisher
60:05 Cavalier
61:00 Padded Archer Armor
60:56 Bodkin Arrow
67:15 Light Cavalry
68:08 Bloodlines
67:59 Husbandry
Barrosed
8:36 Loom
11:43 Feudal Age
12:25 Double-Bit Axe
12:52 Man-at-Arms
19:03 Castle Age
18:51 Stone Mining
18:53 Gold Mining
18:48 Horse Collar
27:58 Scale Barding Armor
28:35 Heavy Plow
29:42 Bow Saw
32:03 Ballistas
32:30 Bloodlines
32:43 Chain Barding Armor
32:50 Ballistas
41:21 Wheelbarrow
44:52 Imperial Age
45:02 Hand Cart
44:36 Town Watch
45:01 Pikeman
54:06 Heavy Scorpion
55:52 Chemistry
60:49 Forging
60:41 Scale Mail Armor
60:21 Long Swordsman
65:37 Squires
65:06 Legionary
73:52 Iron Casting
73:33 Chain Mail Armor
Connection lost

Rejoining the realm…

Still unreachable

The connection could not be restored.

Session expired

The server has moved on; the page needs a fresh start.